[Event "Titled Tuesday Blitz February 28 Early 2023"]
[White "Vivas Zamora, Fabian Ernesto"]
[Black "Srihari L R"]
[WhiteFideId "3902480"]
[BlackFideId "46617116"]
[WhiteElo "2262"]
[BlackElo "2334"]
[Result "0-1"]
[Round "05"]
[TimeControl "180+2"]
[Date "2023.02.28"]
[WhiteClock "0:00:01"]
[BlackClock "0:00:03"]

1. e4 d6 2. d4 Nf6 3. Nc3 e5 4. Nge2 exd4 5. Nxd4 Be7 6. Be3 O-O 7. Qd2 d5 8. O-O-O c5 9. Ndb5 d4 10. Bf4 dxc3 11. Qxc3 Nbd7 12. Bc7 Qe8 13. f3 Nb6 14. Bxb6 axb6 15. Nc7 Qa4 16. Nxa8 Qxa8 17. a3 Be6 18. Bc4 Qc8 19. g4 Nd7 20. Bxe6 fxe6 21. h4 Bf6 22. Qc4 Ne5 23. Qe2 Nxf3 24. g5 Nd4 25. Qc4 Be5 26. Rhf1 b5 27. Qd3 Qe8 28. c3 c4 29. Qe3 Nc6 30. Kb1 Rxf1 31. Rxf1 Qd7 32. Qb6 Ne7 33. Ka2 h6 34. Qa7 hxg5 35. hxg5 Kh7 36. Qb6 Bxc3 37. bxc3 Qd2+ 38. Ka1 Qxc3+ 39. Ka2 Qb3+ 40. Ka1 Qxa3+ 41. Kb1 Qd3+ 42. Ka2 Qxf1 43. Qxe6 Qf2+ 44. Ka3 Qg3+ 45. Kb4 Qxg5 46. Qh3+ Qh6 47. Qd7 Nc6+ 48. Kxb5 Qg5+ 49. Kb6 c3 50. Qh3+ Qh6 51. Qxc3 Qe6 52. Kc7 Qxe4 0-1


[Site "https://www.chess.com"]

[Event "Titled Tuesday Blitz February 28 Early 2023"]
[White "Nazari, Arad"]
[Black "Mohammed, Dilshad"]
[WhiteFideId "12577324"]
[BlackFideId "5050421"]
[WhiteElo "2242"]
[BlackElo "2102"]
[Result "1-0"]
[Round "05"]
[TimeControl "180+2"]
[Date "2023.02.28"]
[WhiteClock "0:00:24"]
[BlackClock "0:00:08"]

1. e4 e5 2. f4 exf4 3. Nf3 d5 4. exd5 Bd6 5. Nc3 Ne7 6. d4 Ng6 7. Bd3 O-O 8. O-O Bg4 9. Ne2 Nd7 10. h3 Bh5 11. c4 b6 12. Qc2 Bxf3 13. Rxf3 Nh4 14. Rxf4 Bxf4 15. Bxf4 Ng6 16. Bg3 Nf6 17. Rf1 Nh5 18. Bh2 Qg5 19. Qc1 Qxc1 20. Rxc1 Rac8 21. Bf5 Rce8 22. Kf2 Nh4 23. Bd3 Re7 24. d6 cxd6 25. Bxd6 Rfe8 26. Bxe7 Rxe7 27. d5 Ng6 28. Bxg6 hxg6 29. b4 Rd7 30. Ke3 b5 31. c5 Rxd5 32. c6 Rd8 33. Nc3 Nf6 34. c7 Rc8 35. Nxb5 a6 36. Rd1 Re8+ 37. Kf3 axb5 38. Rd8 1-0


[Site "https://www.chess.com"]

[Event "Titled Tuesday Blitz February 28 Early 2023"]
[White "Rottenwohrer Suarez, Juan"]
[Black "Dehtiarov, Roman"]
[WhiteFideId "32068182"]
[BlackFideId "14186640"]
[WhiteElo "2174"]
[BlackElo "2162"]
[Result "0-1"]
[Round "05"]
[TimeControl "180+2"]
[Date "2023.02.28"]
[WhiteClock "0:00:01"]
[BlackClock "0:00:11"]

1. e4 e5 2. Nf3 Nc6 3. Bb5 a6 4. Ba4 Nf6 5. O-O Be7 6. d3 b5 7. Bb3 d6 8. a4 b4 9. a5 O-O 10. h3 Be6 11. Nbd2 Bxb3 12. Nxb3 Nb8 13. d4 Nbd7 14. Re1 c5 15. dxe5 dxe5 16. Nbd2 Qc7 17. Nc4 Rad8 18. Qe2 Rfe8 19. Bg5 h6 20. Bh4 Nh5 21. Bxe7 Rxe7 22. g3 Nb8 23. Rad1 Nc6 24. Rxd8+ Qxd8 25. Rd1 Qc7 26. Rd5 Nxa5 27. Nxa5 Qxa5 28. Rxe5 Rxe5 29. Nxe5 Nf6 30. Nc4 Qc7 31. e5 Qe7 32. Qf3 Nd7 33. Qa8+ Kh7 34. Qe4+ g6 35. h4 h5 36. b3 Qe6 37. Qb7 Kg7 38. Qe4 Kh7 39. Kg2 Nf6 40. Qb7 Ng4 41. Qe4 Nf6 42. Qb7 Ng4 43. Qe4 Kg7 44. f3 Nh6 45. Ne3 Ng8 46. f4 Ne7 47. Qc4 Nf5 48. Nxf5+ Qxf5 49. Qxc5 Qe4+ 50. Kf2 a5 51. Qb6 Qxc2+ 52. Kg1 Qb1+ 53. Kg2 Qc2+ 54. Kh3 Qd1 55. Qf6+ Kg8 56. Kh2 Qxb3 57. Qd8+ Kh7 58. Qxa5 Qc2+ 59. Kh3 b3 60. Qa7 Qf5+ 0-1


[Site "https://www.chess.com"]

[Event "Titled Tuesday Blitz February 28 Early 2023"]
[White "Rosen, Eric"]
[Black "Bas Mas, Jose Joaquin"]
[WhiteFideId "2032562"]
[BlackFideId "22219064"]
[WhiteElo "2359"]
[BlackElo "2233"]
[Result "1-0"]
[Round "05"]
[TimeControl "180+2"]
[Date "2023.02.28"]
[WhiteClock "0:00:10"]
[BlackClock "0:00:02"]

1. e4 e6 2. d4 d5 3. e5 c5 4. c3 Nc6 5. Nf3 Qb6 6. Bd3 Bd7 7. O-O cxd4 8. Re1 Nge7 9. h4 h6 10. a3 dxc3 11. Nxc3 Rc8 12. Nb5 Nxe5 13. Be3 Nxf3+ 14. Qxf3 Qxb5 15. Bxb5 Bxb5 16. Bxa7 g5 17. Bd4 Rg8 18. h5 Bc6 19. Qd3 g4 20. b4 Rg5 21. b5 Bd7 22. a4 g3 23. fxg3 Nf5 24. Bf6 Bc5+ 25. Kh2 Rxh5+ 26. Bh4 Nxh4 27. gxh4 Rxh4+ 28. Kg3 Rh5 29. Qh7 Ke7 30. Kf3 Rg5 31. Rac1 Rg6 32. g4 b6 33. Rf1 Rcg8 34. Ke2 R8g7 35. Qh8 Rxg4 36. Qxh6 Rg2+ 37. Kd1 e5 38. Qf6+ Ke8 39. Rc2 Bg4+ 40. Kc1 Ba3+ 41. Kb1 Rxc2 42. Kxc2 1-0


[Site "https://www.chess.com"]

[Event "Titled Tuesday Blitz February 28 Early 2023"]
[White "Cabezas Solano, David Alejandro"]
[Black "Melikyan, Gnel"]
[WhiteFideId "6507522"]
[BlackFideId "54109990"]
[WhiteElo "2030"]
[BlackElo "2138"]
[Result "1-0"]
[Round "05"]
[TimeControl "180+2"]
[Date "2023.02.28"]
[WhiteClock "0:00:09"]
[BlackClock "0:00:03"]

1. Nf3 h6 2. e4 c5 3. c4 Nc6 4. Nc3 Nf6 5. d4 cxd4 6. Nxd4 e6 7. Be2 Bb4 8. O-O Bxc3 9. bxc3 Nxe4 10. Qc2 d5 11. Ba3 Qa5 12. Nb5 a6 13. cxd5 axb5 14. Qxe4 Qxa3 15. Bxb5 Qc5 16. c4 Bd7 17. dxc6 bxc6 18. Rfd1 Ra7 19. Rxd7 Kxd7 20. Bxc6+ Qxc6 21. Qd4+ Kc8 22. Qxa7 Qb7 23. Qc5+ Qc7 24. Qb5 Rd8 25. a4 Rd2 26. a5 Qa7 27. Rf1 Rd6 28. Qe8+ Rd8 29. Qc6+ Qc7 30. Qb5 Qa7 31. a6 1-0


[Site "https://www.chess.com"]

[Event "Titled Tuesday Blitz February 28 Early 2023"]
[White "Srebrnic, Marko"]
[Black "Vaibhav Jayant Raut"]
[WhiteFideId "14603616"]
[BlackFideId "5089034"]
[WhiteElo "2341"]
[BlackElo "2156"]
[Result "1-0"]
[Round "05"]
[TimeControl "180+2"]
[Date "2023.02.28"]
[WhiteClock "0:01:10"]
[BlackClock "0:01:32"]

1. e4 c5 2. Nf3 Nc6 3. d4 cxd4 4. Nxd4 Nf6 5. Nc3 e5 6. Ndb5 d6 7. Bg5 a6 8. Na3 b5 9. Nd5 Be7 10. Bxf6 Bxf6 11. c3 O-O 12. Nc2 Be6 13. Nce3 Bg5 14. h4 Bxe3 15. Nxe3 b4 16. c4 Nd4 17. Be2 a5 18. Nc2 Nc6 19. b3 Qb6 20. Qd2 Qc5 21. O-O a4 22. Rfd1 Rfd8 23. g3 h6 24. Qe3 Kf8 25. Kg2 Ra6 26. g4 Qxe3 27. Nxe3 Nd4 28. Bf1 Rda8 29. c5 1-0


[Site "https://www.chess.com"]

[Event "Titled Tuesday Blitz February 28 Early 2023"]
[White "Ramirez Vido, Robert Yorisan"]
[Black "Sadubayev, Airat"]
[WhiteFideId "3513823"]
[BlackFideId "13713264"]
[WhiteElo "2451"]
[BlackElo "2101"]
[Result "0-1"]
[Round "05"]
[TimeControl "180+2"]
[Date "2023.02.28"]
[WhiteClock "0:00:12"]
[BlackClock "0:00:10"]

1. f4 d5 2. Nf3 c5 3. g3 Nc6 4. Bg2 Bf5 5. d3 Nf6 6. O-O e6 7. Ne5 Rc8 8. Nc3 Be7 9. Nxc6 bxc6 10. e4 Bg6 11. e5 Nd7 12. g4 f5 13. g5 h6 14. h4 hxg5 15. hxg5 Bh5 16. Bf3 Bxf3 17. Qxf3 Kf7 18. Bd2 Kg6 19. Kg2 Rh5 20. Rh1 Qh8 21. Ne2 Rh4 22. Rxh4 Qxh4 23. Rh1 Qg4+ 24. Qxg4 fxg4 25. Kg3 Kf5 26. Rh7 Kg6 27. Rh4 Kf5 28. Rxg4 Rh8 29. Rh4 Rxh4 30. Kxh4 Bd8 31. Kh5 g6+ 32. Kh4 Bxg5+ 33. fxg5 Kxe5 34. Bf4+ Kf5 35. Bd6 e5 36. b3 a6 37. c4 e4 38. dxe4+ Kxe4 39. Nf4 d4 40. Nxg6 d3 41. Bf4 Nf8 42. Nxf8 Kxf4 43. g6 d2 44. g7 d1=Q 45. Ne6+ Kf5 46. g8=Q Qh1+ 47. Kg3 Qg1+ 48. Kf3 Qxg8 0-1


[Site "https://www.chess.com"]

[Event "Titled Tuesday Blitz February 28 Early 2023"]
[White "Wahedi, Ahmad Siar"]
[Black "Gauri, Shankar"]
[WhiteFideId "4651260"]
[BlackFideId "5041350"]
[WhiteElo "2448"]
[BlackElo "2240"]
[Result "1-0"]
[Round "05"]
[TimeControl "180+2"]
[Date "2023.02.28"]
[WhiteClock "0:00:58"]
[BlackClock "0:00:03"]

1. e4 c6 2. d4 d5 3. e5 Bf5 4. h4 a6 5. h5 h6 6. g4 Bd7 7. Nc3 e6 8. Be3 Qc7 9. f4 c5 10. Nce2 cxd4 11. Nxd4 Nc6 12. c3 Nge7 13. Ngf3 Nxd4 14. Nxd4 Nc6 15. Qd2 Nxd4 16. Bxd4 Bc5 17. Rh2 Bxd4 18. Qxd4 Rc8 19. Rd1 Qc5 20. Qxc5 Rxc5 21. Rd4 Bb5 22. Bh3 Ke7 23. Rhd2 Rhc8 24. Kf2 Rc4 25. Ke3 Bd7 26. Bf1 R4c5 27. a3 Bb5 28. Bh3 Bd7 29. Rg2 Rc4 30. Rgd2 b5 31. Bf1 R4c5 32. Bd3 a5 33. Bb1 Rc4 34. Ba2 R4c5 35. Rf2 Rb8 36. f5 b4 37. axb4 axb4 38. cxb4 Rcb5 39. Rff4 Ra8 40. Bb1 Ra1 41. Bd3 Rb6 42. b5 Bxb5 43. Rb4 Ra5 44. fxe6 fxe6 45. Bg6 Kd7 46. Rf7+ Kc6 47. Rxg7 Ra1 48. Be8+ Kc5 49. Rxb5+ Rxb5 50. Bxb5 Kxb5 51. Rg6 Re1+ 52. Kf4 Re4+ 53. Kf3 Rxe5 54. Rxh6 Kc4 55. Rg6 Re1 56. h6 e5 57. g5 Rh1 58. Kg2 Rh5 59. Kg3 e4 60. Kg4 Rh1 61. Re6 Kd3 62. Kf5 e3 63. b4 e2 64. b5 e1=Q 65. Rxe1 Rxe1 66. h7 Rh1 67. g6 Kc4 68. b6 d4 69. g7 Rf1+ 70. Ke4 Re1+ 71. Kf3 d3 72. g8=Q+ Kc3 73. h8=Q+ Kd2 74. Qa2+ 1-0


[Site "https://www.chess.com"]

[Event "Titled Tuesday Blitz February 28 Early 2023"]
[White "Guliev, Logman"]
[Black "Skvortsov, Andrei"]
[WhiteFideId "13400061"]
[BlackFideId "24108600"]
[WhiteElo "2161"]
[BlackElo "2259"]
[Result "1-0"]
[Round "05"]
[TimeControl "180+2"]
[Date "2023.02.28"]
[WhiteClock "0:00:06"]
[BlackClock "0:00:23"]

1. e4 d5 2. exd5 Qxd5 3. Nc3 Qe5+ 4. Be2 Bg4 5. h3 Bxe2 6. Ngxe2 Nf6 7. O-O Nc6 8. d4 Qa5 9. d5 O-O-O 10. dxc6 Rxd1 11. cxb7+ Kxb7 12. Rxd1 e6 13. Be3 Bc5 14. Rd3 Bxe3 15. Rxe3 Rd8 16. a3 Qf5 17. Rc1 Rd2 18. Rf3 Qg6 19. Nf4 Qh6 20. Na4 Ne4 21. Re1 f5 22. Rb3+ Kc8 23. g3 g5 24. Nd3 Qxh3 25. Nac5 Rxf2 26. Nxf2 Nxc5 27. Nxh3 Nxb3 28. cxb3 h6 29. Rd1 g4 30. Nf2 h5 31. Nd3 c6 32. Nf4 Kc7 33. Nxe6+ Kb6 34. Ng7 h4 35. Nxf5 hxg3 36. Nxg3 1-0


[Site "https://www.chess.com"]

[Event "Titled Tuesday Blitz February 28 Early 2023"]
[White "Trent, Lawrence"]
[Black "Rosenberg, Evan S"]
[WhiteFideId "408638"]
[BlackFideId "2019299"]
[WhiteElo "2458"]
[BlackElo "2445"]
[Result "1-0"]
[Round "05"]
[TimeControl "180+2"]
[Date "2023.02.28"]
[WhiteClock "0:00:38"]
[BlackClock "0:00:01"]

1. e4 e5 2. Nf3 Nc6 3. Nc3 Nf6 4. d4 exd4 5. Nd5 h6 6. Bc4 Bc5 7. O-O O-O 8. e5 Nxd5 9. Bxd5 d6 10. Re1 dxe5 11. Bxc6 bxc6 12. Nxe5 Qd5 13. c4 dxc3 14. bxc3 Re8 15. Bf4 Bf5 16. c4 Qxd1 17. Raxd1 Rab8 18. Nxc6 Rxe1+ 19. Rxe1 Rb2 20. Be3 Bxe3 21. fxe3 Be4 22. Nxa7 Rxg2+ 23. Kf1 Rxa2 24. Nb5 Rxh2 25. Nxc7 Rc2 26. Nd5 Rxc4 27. Nf4 Rc2 28. Ra1 g5 29. Nh5 Rc6 30. Ra7 Bg6 31. Ng3 h5 32. Ra5 h4 33. Ne2 Rf6+ 34. Kg1 g4 35. Nf4 h3 36. Kh2 Be4 37. Rg5+ Kf8 38. Rxg4 Bf5 39. Rg5 Be6 40. Rh5 Ke7 41. Kg3 Rf5 42. Rh6 Rg5+ 43. Kf3 Rg1 44. Ke4 Re1 45. Kd4 Ra1 46. Ke4 Ra2 47. Rh7 h2 48. Kf3 Kf6 49. e4 Bd7 50. Kg3 Bc6 51. Rh6+ Ke5 52. Nd3+ Kxe4 53. Nb4 Ra3+ 54. Kxh2 1-0


[Site "https://www.chess.com"]

[Event "Titled Tuesday Blitz February 28 Early 2023"]
[White "Sargissyan, Sargis"]
[Black "Skliarov, Viktor"]
[WhiteFideId "13303210"]
[BlackFideId "14106736"]
[WhiteElo "2109"]
[BlackElo "2284"]
[Result "1-0"]
[Round "05"]
[TimeControl "180+2"]
[Date "2023.02.28"]
[WhiteClock "0:00:13"]
[BlackClock "0:00:22"]

1. e4 c5 2. Nf3 Nc6 3. d4 cxd4 4. Nxd4 Nf6 5. Nc3 e5 6. Ndb5 d6 7. Bg5 a6 8. Na3 b5 9. Nd5 Be7 10. Bxf6 Bxf6 11. c3 Rb8 12. Nc2 O-O 13. g3 Bg5 14. h4 Bh6 15. Bh3 Bb7 16. O-O Ne7 17. Nce3 Bxe3 18. fxe3 Bxd5 19. exd5 b4 20. c4 Qc7 21. Qd3 Qc5 22. Kh2 a5 23. h5 h6 24. Rf2 a4 25. Raf1 f6 26. Be6+ Kh8 27. g4 b3 28. a3 Rb7 29. Kg3 Rc7 30. Rc1 f5 31. gxf5 Rf6 32. Kh3 Nc8 33. Bxc8 Rxc8 34. Rg2 Rcf8 35. Rf1 Qc8 36. e4 Qe8 37. Rg6 R8f7 38. Rfg1 Qe7 39. Qg3 Qd7 40. Rxf6 Rxf6 41. Qh4 Qf7 42. Rg6 Kh7 43. Rxf6 gxf6 44. Qg4 Qf8 45. Qg6+ Kh8 46. Kg4 Qe7 47. Qxh6+ Kg8 48. Qg6+ Kh8 49. h6 Qf8 50. Kh5 Qe7 51. Kg4 Qf8 52. Kf3 Qe7 53. Ke2 Qf8 54. Kd3 Qe7 55. Qg7+ Qxg7 56. hxg7+ Kxg7 57. c5 dxc5 58. Kc4 1-0


[Site "https://www.chess.com"]

[Event "Titled Tuesday Blitz February 28 Early 2023"]
[White "Sreyas Payyappat"]
[Black "Jakubowski, Krzysztof"]
[WhiteFideId "46674969"]
[BlackFideId "1112848"]
[WhiteElo "2083"]
[BlackElo "2359"]
[Result "0-1"]
[Round "05"]
[TimeControl "180+2"]
[Date "2023.02.28"]
[WhiteClock "0:00:10"]
[BlackClock "0:00:42"]

1. e4 c5 2. Nf3 e6 3. d4 cxd4 4. Nxd4 Nc6 5. Nc3 Qc7 6. Be3 a6 7. Bd3 Nf6 8. O-O Ne5 9. h3 Bc5 10. f4 d6 11. Qe2 Ng6 12. Rad1 Bd7 13. Nb3 Bxe3+ 14. Qxe3 e5 15. f5 Nf4 16. g3 Nxd3 17. Qxd3 Bc6 18. Qxd6 Qxd6 19. Rxd6 Ke7 20. Rfd1 Rac8 21. g4 Nxe4 22. Nxe4 Bxe4 23. c3 h5 24. f6+ gxf6 25. Rd7+ Ke8 26. Nc5 Bf3 27. R1d3 hxg4 28. hxg4 Bxg4 29. Rxb7 Rxc5 30. b4 Rc8 31. a4 Bf5 32. Re3 Rh3 33. Rxh3 Bxh3 34. a5 Rxc3 35. b5 Bc8 36. bxa6 Rc6 37. Rb8 Rxa6 38. Rxc8+ Ke7 39. Rc5 Kd6 40. Rb5 Kc6 41. Rb2 f5 42. Rc2+ Kb5 43. Re2 f6 44. Ra2 Rxa5 45. Rb2+ Kc5 46. Kf2 Kd5 47. Ke3 Ra3+ 48. Ke2 f4 49. Rb5+ Ke4 50. Rb4+ Kf5 51. Kf2 Ra2+ 52. Kf3 e4+ 53. Rxe4 Ra3+ 54. Re3 Rxe3+ 55. Kf2 Ke4 0-1


[Site "https://www.chess.com"]

[Event "Titled Tuesday Blitz February 28 Early 2023"]
[White "Tymrakiewicz, Rafal"]
[Black "Fiorito, Joaquin"]
[WhiteFideId "1108832"]
[BlackFideId "180173"]
[WhiteElo "2151"]
[BlackElo "2157"]
[Result "1/2-1/2"]
[Round "05"]
[TimeControl "180+2"]
[Date "2023.02.28"]
[WhiteClock "0:00:07"]
[BlackClock "0:00:09"]

1. d4 Nf6 2. Bg5 Ne4 3. Bf4 d5 4. e3 c5 5. Bd3 Nf6 6. c3 Nc6 7. Nd2 Qb6 8. Rb1 c4 9. Bc2 Qa5 10. a3 b5 11. Ne2 g6 12. e4 Bg7 13. e5 Ng8 14. h3 Nh6 15. g4 O-O 16. Nf3 f6 17. Qd2 Nf7 18. Qe3 Qb6 19. O-O fxe5 20. dxe5 Qxe3 21. Bxe3 Nfxe5 22. Nxe5 Nxe5 23. Nd4 Nf3+ 24. Nxf3 Rxf3 25. Kg2 Rf7 26. f4 Bb7 27. Bd4 Raf8 28. f5 gxf5 29. Bxf5 Kh8 30. Be6 Rxf1 31. Rxf1 Rxf1 32. Kxf1 Bxd4 33. cxd4 Kg7 34. g5 Kg6 35. Bg8 Kxg5 36. Bxh7 Kf4 37. Kf2 Bc8 38. h4 Kg4 39. Bg8 Bb7 40. Ke3 Kxh4 41. Kf4 a5 42. Be6 b4 43. axb4 axb4 44. Bf5 Kh5 45. Ke5 Kh6 46. Bb1 Kg7 47. Ke6 Kf8 48. Kd7 Kf7 49. Kc7 Ba6 50. Kb6 Bc8 51. Kc5 c3 52. bxc3 bxc3 53. Kxd5 Be6+ 54. Ke4 Bb3 55. Kd3 c2 56. Bxc2 Bd5 57. Bd1 e6 58. Ke3 Ke7 59. Bf3 Bc4 60. Be4 Kd6 61. Kf4 Bb3 62. Ke3 Ba2 63. Kf4 Bb3 64. Ke3 Ke7 65. Kf4 Kf6 66. Bb1 Bd5 67. Bc2 Bc4 68. Bb1 Bb3 69. Bd3 Ke7 70. Be4 Kd6 1/2-1/2


[Site "https://www.chess.com"]

[Event "Titled Tuesday Blitz February 28 Early 2023"]
[White "Arabidze, Meri"]
[Black "Grot, Blazej"]
[WhiteFideId "13604040"]
[BlackFideId "21835845"]
[WhiteElo "2405"]
[BlackElo "1823"]
[Result "1/2-1/2"]
[Round "05"]
[TimeControl "180+2"]
[Date "2023.02.28"]
[WhiteClock "0:00:44"]
[BlackClock "0:01:38"]

1. d4 Nf6 2. Nf3 g6 3. g3 Bg7 4. Bg2 d5 5. O-O O-O 6. b3 b6 7. Bb2 Bb7 8. Nbd2 Nbd7 9. c4 e6 10. cxd5 exd5 11. Rc1 c5 12. dxc5 Nxc5 13. Nd4 a5 14. N2f3 Nfe4 15. Rc2 Rc8 16. Qa1 Qd7 17. Rfc1 Rfe8 18. Bf1 h5 19. e3 Ba6 20. Bxa6 Nxa6 21. Rxc8 Rxc8 22. Rxc8+ Qxc8 23. Qf1 Nb4 24. a3 Nc6 25. Qc1 Ne7 26. Qxc8+ Nxc8 27. Kf1 Ncd6 28. Ke2 Kf8 29. Ne1 Nc5 30. Nd3 Ke8 31. f3 Kd7 1/2-1/2


[Site "https://www.chess.com"]

[Event "Titled Tuesday Blitz February 28 Early 2023"]
[White "Shapiro, Viktor"]
[Black "Seletsky, Grigory"]
[WhiteFideId "4175700"]
[BlackFideId "14112191"]
[WhiteElo "2132"]
[BlackElo "2490"]
[Result "1-0"]
[Round "05"]
[TimeControl "180+2"]
[Date "2023.02.28"]
[WhiteClock "0:01:03"]
[BlackClock "0:01:48"]

1. c4 c6 2. Nc3 d5 3. d4 Nf6 4. Nf3 a6 5. e3 Bg4 6. Qb3 Ra7 7. Ne5 Bc8 8. Be2 e6 9. O-O Bd6 10. f4 Kf8 11. Bd2 Nbd7 12. cxd5 cxd5 13. Rac1 g6 14. Be1 Kg7 15. Bh4 Be7 16. Bf3 h5 17. Ne2 Ng4 18. Rxc8 Qxc8 19. Bxe7 b5 20. Bd6 Ndf6 21. Bc5 Ra8 22. h3 Nh6 23. Qd3 Nf5 24. b4 Qb7 25. g4 hxg4 26. hxg4 Nh4 27. g5 Ne4 28. Bxe4 dxe4 29. Qc3 Qd5 30. Ng3 Nf3+ 31. Nxf3 exf3 32. e4 Qb7 33. d5+ Kg8 34. Qxf3 exd5 35. exd5 Rh3 36. Kg2 Qc8 37. f5 gxf5 38. Kxh3 f4+ 39. Qg4 1-0


[Site "https://www.chess.com"]

[Event "Titled Tuesday Blitz February 28 Early 2023"]
[White "Derix, Bernhard"]
[Black "Sernecki, Franciszek"]
[WhiteFideId "4642368"]
[BlackFideId "1169297"]
[WhiteElo "2602"]
[BlackElo "2210"]
[Result "1/2-1/2"]
[Round "05"]
[TimeControl "180+2"]
[Date "2023.02.28"]
[WhiteClock "0:00:18"]
[BlackClock "0:01:21"]

1. e4 e6 2. d3 d5 3. Nd2 Nf6 4. Ngf3 Nc6 5. c3 dxe4 6. dxe4 e5 7. b4 a6 8. Be2 Bd6 9. O-O O-O 10. a4 Bg4 11. Qc2 Re8 12. Nc4 Qe7 13. Bg5 h6 14. Bh4 g5 15. Bg3 Nh5 16. b5 axb5 17. axb5 Rxa1 18. Rxa1 Nd8 19. Ne3 Bxf3 20. Bxf3 Ng7 21. Nd5 Qe6 22. h3 c6 23. bxc6 bxc6 24. Ne3 Qc8 25. Bg4 Nde6 26. Nc4 Qc7 27. Rd1 Rd8 28. Qa4 Nf4 29. Rd2 h5 30. Bf5 Nxf5 31. exf5 h4 32. Bxf4 exf4 33. Qd1 Be7 34. Rxd8+ Qxd8 35. Qxd8+ Bxd8 36. Kf1 Bf6 37. Na5 Bxc3 38. Nxc6 Kg7 39. Ne7 Bf6 40. Nd5 Bd4 41. Ke2 Kf8 42. Kf3 Kg7 43. Kg4 f6 44. Kf3 Kf7 45. Ke2 Ke8 46. f3 Kd7 47. Kd3 Bb2 48. Kc4 Kd6 49. Nb4 Bc1 50. Nd3 Be3 51. Nb2 Ke5 52. Nd3+ Kxf5 53. Kd5 Bg1 54. Nb4 Bb6 55. Nc6 Kg6 56. Ke6 Bc5 57. Nd8 Bd4 58. Nb7 Be5 59. Nc5 Bd4 60. Nd7 Bc3 61. Nf8+ Kg7 62. Nd7 Kg6 63. Nc5 Bd4 64. Ne4 Be5 65. Nc5 Bd4 1/2-1/2


[Site "https://www.chess.com"]

[Event "Titled Tuesday Blitz February 28 Early 2023"]
[White "Mamedov, Edgar"]
[Black "Balint, Vilmos"]
[WhiteFideId "13739980"]
[BlackFideId "718050"]
[WhiteElo "2330"]
[BlackElo "2034"]
[Result "1-0"]
[Round "05"]
[TimeControl "180+2"]
[Date "2023.02.28"]
[WhiteClock "0:01:05"]
[BlackClock "0:00:44"]

1. d4 Nf6 2. Bg5 d5 3. e3 Nbd7 4. Nf3 e6 5. Nbd2 Be7 6. Bd3 h6 7. Bxf6 Nxf6 8. e4 dxe4 9. Nxe4 Nxe4 10. Bxe4 Bf6 11. Qe2 O-O 12. O-O-O c6 13. h4 Qa5 14. Kb1 Bd7 15. g4 c5 16. g5 Bxd4 17. gxh6 Bb5 18. Bd3 Bxd3 19. Rxd3 g6 20. h5 Kh7 21. hxg6+ fxg6 22. c3 Bf6 23. Rd7+ Kh8 24. Qe4 Qb5 25. Rxb7 Qe8 26. Rd1 Rb8 27. Rdd7 Rxb7 28. Qxb7 g5 29. Rh7+ Kg8 30. Rg7+ Kh8 31. Nxg5 Qh5 32. Rh7+ Kg8 33. Rh8+ Bxh8 34. Qh7# 1-0


[Site "https://www.chess.com"]

[Event "Titled Tuesday Blitz February 28 Early 2023"]
[White "Djokovic, Nebojsa"]
[Black "Buksa, Nataliya"]
[WhiteFideId "938300"]
[BlackFideId "14123622"]
[WhiteElo "2598"]
[BlackElo "2316"]
[Result "0-1"]
[Round "05"]
[TimeControl "180+2"]
[Date "2023.02.28"]
[WhiteClock "0:00:05"]
[BlackClock "0:00:11"]

1. e4 c5 2. Nf3 Nc6 3. d4 cxd4 4. Nxd4 e5 5. Nb5 d6 6. c4 Be7 7. N1c3 a6 8. Na3 f5 9. exf5 Bxf5 10. Bd3 Be6 11. O-O Nf6 12. Nc2 O-O 13. b3 Qd7 14. Bb2 Rae8 15. f3 Bd8 16. Ne4 Nh5 17. Nxd6 Bb6+ 18. Kh1 Rd8 19. c5 Bxc5 20. Ne4 Be7 21. Bc4 Bxc4 22. Qxd7 Rxd7 23. bxc4 Nf4 24. Ne3 h5 25. g3 Nd3 26. Bc3 Nc5 27. Nd5 Nxe4 28. fxe4 Bc5 29. Kg2 Bd4 30. Rxf8+ Kxf8 31. Rf1+ Rf7 32. Bd2 Rxf1 33. Kxf1 Kf7 34. Ke2 Ke6 35. Kd3 Nd8 36. Nc7+ Kd7 37. Nd5 Nf7 38. Bc1 Ke6 39. h3 Kd7 40. g4 hxg4 41. hxg4 Ke6 42. Nc7+ Kd7 43. Nd5 Nd6 44. Ba3 Nf7 45. Be7 Nh6 46. Bf8 Nxg4 47. Bxg7 Nf2+ 48. Ke2 Nxe4 49. Kd3 Nd6 50. Nf6+ Ke6 51. Ne4 Nxe4 52. Kxe4 Bc3 53. Bh6 Kd6 54. Bf8+ Kd7 55. Bc5 Ke6 56. a4 Bb2 57. Bf8 Bc3 58. Bc5 a5 59. Bf8 Bb4 60. Bg7 Bd6 61. Bh6 Kf6 62. Be3 Bc7 63. Bd2 Ke6 64. Bc3 b6 65. Bb2 Bd6 66. Bc1 Bb8 67. Be3 Bc7 68. Bf2 Kd6 69. Be3 Kc6 70. Bf2 Bd6 71. Be3 Bc5 72. Bg5 Bd4 73. Be7 Kd7 74. Bf8 Kc6 75. Be7 Bc3 76. Bf8 Bb4 77. Bg7 Kc5 78. Bxe5 Kxc4 79. Bc7 Bc5 80. Kf3 Kb4 81. Ke2 Kxa4 82. Kd3 Kb4 83. Be5 a4 84. Kc2 b5 85. Kb1 Kc4 86. Bf4 b4 87. Be5 Bd4 88. Bd6 Kb3 89. Be7 a3 90. Bd6 a2+ 91. Kc1 a1=Q+ 92. Kd2 Qc3+ 93. Kd1 Qd3+ 94. Ke1 Be3 95. Bg3 Qd2+ 96. Kf1 Bf4 97. Bf2 Kc2 98. Kg1 Qxf2+ 99. Kxf2 Bd2 100. Ke2 b3 0-1


[Site "https://www.chess.com"]

[Event "Titled Tuesday Blitz February 28 Early 2023"]
[White "Gabdrakhmanov, Azat"]
[Black "Zhukova, Natalia"]
[WhiteFideId "34189197"]
[BlackFideId "14101513"]
[WhiteElo "2315"]
[BlackElo "2297"]
[Result "1-0"]
[Round "05"]
[TimeControl "180+2"]
[Date "2023.02.28"]
[WhiteClock "0:00:14"]
[BlackClock "0:00:05"]

1. e4 e6 2. d4 d5 3. e5 c5 4. c3 Nc6 5. Nf3 Bd7 6. a3 f6 7. Bb5 Qb6 8. Bxc6 bxc6 9. O-O cxd4 10. cxd4 c5 11. dxc5 Bxc5 12. b4 Be7 13. Bb2 Nh6 14. exf6 gxf6 15. Nc3 O-O 16. Re1 Bd6 17. Nxd5 exd5 18. Qxd5+ Nf7 19. Bxf6 Bg4 20. Ng5 Bxh2+ 21. Kxh2 Qxf6 22. Ne4 Qg6 23. Rac1 Rad8 24. Qb3 Bf5 25. Ng3 Bd3 26. Rc5 Rd6 27. Qc3 Qg7 28. Qc1 Rh6+ 29. Kg1 Bg6 30. Rc8 Rh4 31. Rxf8+ Qxf8 32. Qc6 1-0


[Site "https://www.chess.com"]

[Event "Titled Tuesday Blitz February 28 Early 2023"]
[White "Sai Han Thiha"]
[Black "Dinu, Dumitru-Daniel"]
[WhiteFideId "13012290"]
[BlackFideId "1208403"]
[WhiteElo "1954"]
[BlackElo "2240"]
[Result "0-1"]
[Round "05"]
[TimeControl "180+2"]
[Date "2023.02.28"]
[WhiteClock "0:00:01"]
[BlackClock "0:00:04"]

1. d4 Nf6 2. c4 e6 3. Nf3 b6 4. g3 Bb7 5. Bg2 Bb4+ 6. Bd2 a5 7. O-O O-O 8. Nc3 Bxc3 9. Bxc3 Ne4 10. Be1 f5 11. d5 Qe7 12. Nd4 Na6 13. Nb5 exd5 14. cxd5 Qc5 15. Nc3 Rae8 16. Rc1 Qe7 17. e3 Nac5 18. Nb5 d6 19. f3 Nf6 20. Bf2 Nxd5 21. Re1 Nf6 22. a3 Ba6 23. Nd4 Nd3 24. Nxf5 Qd7 25. Bh3 Qd8 26. e4 Nxe1 27. Bxe1 Bc8 28. Bc3 Bxf5 29. Bxf5 Qe7 30. Qb3+ Kh8 31. Bd4 h6 32. Kg2 Qf7 33. Qc3 c5 34. Bf2 d5 35. e5 Ng8 36. g4 Ne7 37. e6 Qf6 38. Qxf6 Rxf6 39. Bh4 g5 40. Bg3 Nxf5 41. gxf5 Rxf5 42. Re1 Kg7 43. Bc7 Kf6 44. e7 Kf7 45. Bd8 Rf6 46. Kg3 Re6 47. Rd1 d4 48. h4 R8xe7 49. Bxe7 Kxe7 50. hxg5 hxg5 51. Kg4 Kf6 52. Rh1 Kg6 53. Rh8 Re2 54. b3 Rg2+ 55. Kh3 Rb2 56. Rg8+ Kf5 57. Kg3 Rxb3 58. a4 d3 59. Rf8+ Ke5 60. Kg4 d2 61. Rd8 Rb2 62. Kxg5 c4 63. f4+ Ke4 64. f5 c3 65. f6 c2 66. f7 d1=Q 67. Re8+ Kd5 68. Rd8+ Kc5 69. f8=Q+ Kc4 70. Qf4+ Kb3 71. Qe3+ Ka2 72. Qe6+ Kb1 73. Rc8 c1=Q+ 0-1


[Site "https://www.chess.com"]